 Dungeon Crawl Stone Soup version 0.25.1-2-g60ff931df9 (webtiles) character file.

Game seed: 14272882578591836799

32089 pokeman the Eclecticist (level 13, -3/72 HPs)
             Began as a Deep Elf Wizard on Nov 20, 2020.
             Was a High Priest of Vehumet.
             Slain by an ettin
             ... wielding a +0 dire flail
              (32 damage)
             ... on level 15 of the Dungeon.
             The game lasted 00:55:54 (20984 turns).

pokeman the Eclecticist (Deep Elf Wizard)          Turns: 20984, Time: 00:55:55

Health: -3/72      AC: 18    Str: 10    XL:     13   Next: 29%
Magic:  17/36      EV: 13    Int: 29    God:    Vehumet [*****.]
Gold:   790        SH:  0    Dex: 18    Spells: 30/47 levels left

rFire    . . .     SeeInvis .   E - +9 spear of Attainder {protect, Dex+5 Stlth+}
rCold    . . .     Gourm    .   (no shield)
rNeg     . . .     Faith    .   m - +0 leather armour
rPois    .         Spirit   .   g - +0 helmet
rElec    .         Reflect  .   K - +2 cloak
rCorr    .         Harm     .   r - +0 pair of gloves (curse)
MR       +....     Rnd*Tele +   D - +1 pair of boots
Stlth    +++.......             H - amulet of magic regeneration
HPRegen  0.22/turn              W - +6 ring of strength
MPRegen  0.50/turn              C - ring of teleportation (curse)

@: protection aura, slowed, very slow
A: no striking features
a: Renounce Religion


You were on level 15 of the Dungeon.
You worshipped Vehumet.
Vehumet was extremely pleased with you.
You were not hungry.

You visited 2 branches of the dungeon, and saw 16 of its levels.

You collected 979 gold pieces.
You spent 189 gold pieces at shops.

Inventory:

Hand Weapons
 n - a +0 longbow
 E - the +9 spear of Attainder (weapon) {protect, Dex+5 Stlth+}
   (You found it on level 6 of the Dungeon)

   It grants its wielder temporary protection when it strikes (+7 to AC).
   It affects your dexterity (+5).
   It makes you more stealthy.
Missiles
 y - 109 bolts
 G - 369 arrows
Armour
 g - a +0 helmet (worn)
 m - a +0 leather armour (worn)
 r - a cursed +0 pair of gloves (worn)
 D - a +1 pair of boots (worn)
 K - a +2 cloak (worn)
 Y - a +0 kite shield
Magical Staves
 u - an uncursed staff of fire {unknown}
Jewellery
 x - an uncursed amulet of reflection
 C - a cursed ring of teleportation (right hand)
 H - an amulet of magic regeneration (around neck)
 J - an uncursed ring of flight
 T - an uncursed ring of stealth
 W - a +6 ring of strength (left hand)
Wands
 a - a wand of iceblast (6)
 i - a wand of acid (6)
 F - a wand of flame (17)
Scrolls
 b - 3 scrolls of blinking
 c - 4 scrolls of magic mapping {unknown}
 e - 8 scrolls of teleportation {unknown}
 j - 7 scrolls of remove curse {unknown}
 k - a scroll of silence {unknown}
 l - 2 scrolls of identify
 o - 5 scrolls of fog {unknown}
 p - 2 scrolls of immolation {unknown}
 q - 3 scrolls of fear {unknown}
 s - a scroll of amnesia
 t - 2 scrolls of noise {unknown}
 O - 2 scrolls of random uselessness {unknown}
Potions
 f - 2 potions of magic
 h - 11 potions of curing
 v - 3 potions of might
 w - a potion of degeneration {unknown}
 z - 2 potions of heal wounds {unknown}
 A - 4 potions of invisibility {unknown}
 B - 4 potions of haste {unknown}
 V - a potion of resistance {unknown}
Comestibles
 d - 28 rations


   Skills:
 - Level 5.0 Fighting
 - Level 6.0 Armour
 - Level 3.0 Dodging
 - Level 3.1 Stealth
 + Level 2.3 Shields
 * Level 17.9 Spellcasting
 + Level 11.2 Conjurations
 - Level 1.1 Summonings
 - Level 1.1 Translocations
 + Level 10.9 Fire Magic
 - Level 1.2 Air Magic
 - Level 1.2 Earth Magic
 - Level 1.1 Poison Magic
 - Level 1.0 Evocations


You had 30 spell levels left.
You knew the following spells:

 Your Spells              Type           Power        Failure   Level  Hunger
a - Magic Dart            Conj           ####         0%          1    None
b - Mephitic Cloud        Conj/Pois/Air  ######..     1%          3    None
c - Call Imp              Summ           ####....     1%          2    None
d - Blink                 Tloc           N/A          1%          2    None
e - Conjure Flame         Conj/Fire      ######..     1%          3    None
f - Shock                 Conj/Air       ####         1%          1    None
g - Bolt of Magma         Conj/Fire/Erth ######....   1%          5    None

Your spell library contained the following spells:

 Spells                   Type           Power        Failure   Level  Hunger
 Lightning Bolt           Conj/Air       ######....   1%          5    None
 Sandblast                Erth           ####..       1%          1    None
 Stone Arrow              Conj/Erth      ######       1%          3    None
 Passwall                 Tmut/Erth      ####....     2%          2    None
 Slow                     Hex            ####....     3%          2    None
 Lee's Rapid Deconstruct  Erth           ####......   10%         5    None
 Petrify                  Tmut/Erth      ####....     16%         4    None


Dungeon Overview and Level Annotations

Branches:
Dungeon (15/15)            Temple (1/1) D:7            Lair (0/6) D:11
    Orc (0/2) D:11         Vaults (0/5) D:14
 Depths: D:15

Altars:
Ashenzari
Cheibriados
Dithmenos
Elyvilon
Fedhas
Gozag
Hepliaklqana
Kikubaaqudgha
Makhleb
Nemelex Xobeh
Okawaru
Qazlal
Sif Muna
Trog
Uskayaw
Vehumet
Wu Jian
Yredelemnul
Zin
The Shining One

Shops:
D:6 [   D:11 =


Message History

The ettin is engulfed in noxious fumes.
The ettin appears confused.
The tengu warrior is engulfed in noxious fumes.
The tengu warrior appears confused.
The tengu warrior hits the centaur with a +1 bardiche!!
The centaur is killed!
Vehumet accepts your kill.
You feel your power returning.
You hear an angry buzzing noise.
Casting: Mephitic Cloud (safe; 1% risk of failure)
Confirm with . or Enter, or press ? or * to list all spells.
Aiming: Bolt of Magma (dangerous; 1% risk of failure)
Press: ? - help, Shift-Dir - straight line, f - tengu warrior
Aim: a tengu warrior, wielding a +1 bardiche, wearing a +0 leather armour and quivering 27 arrows (noxious fumes, lightly wounded, confused)
The bolt of magma hits the ettin!!
The ettin is moderately wounded.
The bolt of magma misses the tengu warrior.
The bolt of magma hits something!!
The ettin is engulfed in noxious fumes.
The ettin hits you but does no damage.
The ettin hits you with a +0 dire flail!!
You die...

....# .#.## ..
# ...# ##.#.
....# ...# #
...... #..# .##
.##.##. ####..#
#.. .....
......####.#
........
#####Q....#
##.##.#
#.@C°°).#.....#
#... .#
#.#######.#c(Q#
#..##.### #.
#..#c#.#
#.......# #.
#.....#.?
##.....# ### #.
#####.#
.......#... ..
# ###..<##.# #.
..##.)...# #.
#.##.#)###


You could see an ettin (confused) and a tengu warrior (confused).

Vanquished Creatures
  An ogre mage (D:15)
  8 vault guards (D:14)
  A hydra (D:11)
  A tengu warrior (D:13)
  An unseen horror (D:13)
  A deep troll (D:15)
  A deep elf mage (D:13)
  A cyclops (D:11)
  2 ugly things (D:11)
  2 manticores
  A salamander (shapeshifter) (D:14)
  2 centaur zombies
  A gargoyle (D:15)
  4 centaur skeletons
  2 komodo dragons
  3 trolls
  Grinder (D:5)
  Prince Ribbit (D:8)
  A hornet (D:10)
  A hippogriff (D:14)
  2 meliai zombies
  6 slime creatures
  A centaur simulacrum (D:14)
  A shadow (D:14)
  3 wraiths
  A wyvern (D:9)
  A basilisk (D:14)
  11 vampire mosquitoes
  30 yaks
  2 wargs (D:11)
  An acid dragon (D:12)
  7 orc warriors
  4 ice beasts
  5 phantoms
  3 sky beasts
  2 eyes of draining (D:10)
  A hornet zombie (D:8)
  2 black bears
  7 ogres
  12 centaurs
  The ghost of ew1980 the Insei, an amateur OpTm (D:5)
  A crocodile (D:14)
  Blork the orc (D:5)
  2 big kobolds
  15 bullfrogs
  2 gnoll sergeants
  A hornet simulacrum (D:14)
  6 scorpions
  A wyvern skeleton (D:11)
  A water moccasin skeleton (D:9)
  13 killer bees
  7 howler monkeys
  9 wights
  6 crimson imps
  2 gnoll shamans (D:5)
  A lava snake (D:14)
  A bullfrog zombie (D:5)
  4 hounds
  6 jellies
  6 orc priests
  A bullfrog skeleton (D:4)
  4 iguanas
  11 orc wizards
  8 worker ants
  2 hound zombies (D:6)
  4 hound skeletons
  50 gnolls
  13 adders
  A shadow imp (D:10)
  5 oozes (D:10)
  3 adder skeletons
  2 dart slugs
  3 worms
  7 leopard geckos
  44 orcs
  4 bats
  2 giant cockroaches
  4 goblins
  A hobgoblin (D:1)
  25 jackals
  18 kobolds
  2 quokkas
  A ball python skeleton (D:4)
  7 frilled lizards
  5 rats
451 creatures vanquished.

Vanquished Creatures (collateral kills)
  An orc (D:2)
1 creature vanquished.

Vanquished Creatures (others)
  An orc wizard (D:5)
1 creature vanquished.

Grand Total: 453 creatures vanquished

Notes
Turn   | Place    | Note
-------+----------+-------------------------------------------
     0 | D:1      | pokeman the Deep Elf Wizard began the quest for the Orb.
     0 | D:1      | Reached XP level 1. HP: 10/10 MP: 7/7
   292 | D:1      | Reached XP level 2. HP: 15/15 MP: 4/9
   892 | D:2      | Reached skill level 5 in Spellcasting
   906 | D:2      | Reached XP level 3. HP: 17/20 MP: 3/11
   911 | D:2      | Learned a level 3 spell: Mephitic Cloud
   914 | D:2      | Learned a level 2 spell: Call Imp
   917 | D:2      | Learned a level 2 spell: Blink
   921 | D:2      | Learned a level 3 spell: Conjure Flame
  1166 | D:2      | Reached skill level 1 in Fighting
  1166 | D:2      | Reached skill level 1 in Armour
  1462 | D:2      | HP: 1/20 [worm (8)]
  1472 | D:2      | Reached XP level 4. HP: 2/25 MP: 3/13
  2482 | D:3      | Reached skill level 1 in Poison Magic
  2501 | D:3      | Reached skill level 6 in Spellcasting
  2821 | D:3      | Reached XP level 5. HP: 29/29 MP: 11/15
  3211 | D:3      | Found a hide-covered altar of Uskayaw.
  3614 | D:4      | Reached skill level 1 in Air Magic
  3686 | D:4      | Reached XP level 6. HP: 20/34 MP: 6/17
  4428 | D:4      | Reached skill level 7 in Spellcasting
  4432 | D:4      | Reached skill level 1 in Evocations
  4434 | D:4      | Reached skill level 1 in Fire Magic
  4862 | D:5      | Entered Level 5 of the Dungeon
  4886 | D:5      | Found an ancient bone altar of Kikubaaqudgha.
  4985 | D:5      | Found a runed translucent door.
  4985 | D:5      | Noticed ew1980's ghost (amateur OpTm)
  5259 | D:5      | Noticed Blork the orc
  5270 | D:5      | Killed Blork the orc
  5394 | D:5      | Reached XP level 7. HP: 38/38 MP: 13/20
  5485 | D:5      | Noticed Grinder
  5539 | D:5      | Killed Grinder
  5539 | D:5      | Reached skill level 8 in Spellcasting
  6423 | D:5      | Reached XP level 8. HP: 40/45 MP: 13/22
  6436 | D:5      | Reached skill level 9 in Spellcasting
  7785 | D:5      | Killed ew1980's ghost
  7898 | D:6      | Reached skill level 5 in Conjurations
  8196 | D:6      | Reached skill level 10 in Spellcasting
  8491 | D:6      | Got an ebony spear
  9050 | D:6      | Reached XP level 9. HP: 30/50 MP: 11/25
  9255 | D:6      | Found Gial Qanes's Antique Armour Boutique.
  9258 | D:6      | Bought a pair of embroidered boots for 157 gold pieces
  9334 | D:7      | Identified the +9 spear of Attainder {protect, Dex+5
                  | Stlth+} (You found it on level 6 of the Dungeon)
  9554 | D:7      | Reached skill level 5 in Fire Magic
  9679 | D:7      | Reached skill level 11 in Spellcasting
  9862 | D:7      | Found a staircase to the Ecumenical Temple.
  9878 | Temple   | Entered the Ecumenical Temple
 10008 | Temple   | Became a worshipper of Vehumet
 10515 | D:8      | Noticed Prince Ribbit
 10528 | D:8      | Killed Prince Ribbit
 11108 | D:8      | Reached skill level 12 in Spellcasting
 11824 | D:9      | Noticed a troll
 11834 | D:9      | Killed a troll
 11834 | D:9      | Reached XP level 10. HP: 56/56 MP: 21/28
 12041 | D:9      | Reached * piety under Vehumet
 12041 | D:9      | Offered knowledge of Shock by Vehumet.
 12060 | D:9      | Learned a level 1 spell: Shock
 12641 | D:10     | Entered Level 10 of the Dungeon
 12773 | D:10     | Reached skill level 13 in Spellcasting
 12787 | D:10     | Offered knowledge of Freeze by Vehumet.
 12833 | D:10     | Reached ** piety under Vehumet
 13663 | D:11     | Noticed a red ugly thing
 13921 | D:11     | Noticed a red ugly thing
 13946 | D:11     | Killed a red ugly thing
 13952 | D:11     | Offered knowledge of Static Discharge by Vehumet.
 14004 | D:11     | Reached skill level 14 in Spellcasting
 14008 | D:11     | Noticed an eight-headed hydra
 14181 | D:11     | Reached XP level 11. HP: 61/61 MP: 22/31
 14185 | D:11     | Reached *** piety under Vehumet
 14282 | D:11     | Found a staircase to the Lair.
 14395 | D:11     | Offered knowledge of Hailstorm by Vehumet.
 15019 | D:11     | Killed a red ugly thing
 15280 | D:11     | Killed an eight-headed hydra
 15280 | D:11     | Reached skill level 5 in Fighting
 15280 | D:11     | Reached skill level 15 in Spellcasting
 15665 | D:11     | Reached **** piety under Vehumet
 15804 | D:11     | Found a staircase to the Orcish Mines.
 15929 | D:11     | Found Edoiphemp's Jewellery Shoppe.
 15932 | D:11     | Bought a cursed amulet of inaccuracy for 32 gold pieces
 16009 | D:12     | Offered knowledge of Bolt of Magma by Vehumet.
 16016 | D:12     | Learned a level 5 spell: Bolt of Magma
 16361 | D:12     | You fall into a shaft and drop 3 floors!
 16361 | D:15     | Entered Level 15 of the Dungeon
 16437 | D:14     | Reached skill level 1 in Earth Magic
 16622 | D:14     | Noticed a vault guard
 16622 | D:14     | Noticed a vault guard
 16622 | D:14     | Noticed a vault guard
 16623 | D:14     | Found a gate to the Vaults.
 16623 | D:14     | Noticed a vault guard
 16623 | D:14     | Noticed a vault guard
 16633 | D:14     | Noticed a vault guard
 16636 | D:14     | Noticed a vault guard
 16637 | D:14     | Killed a vault guard
 16640 | D:14     | Killed a vault guard
 16640 | D:14     | Reached XP level 12. HP: 65/68 MP: 18/33
 16644 | D:14     | Killed a vault guard
 16656 | D:14     | Killed a vault guard
 16656 | D:14     | Reached skill level 16 in Spellcasting
 16660 | D:14     | Killed a vault guard
 16660 | D:14     | Reached skill level 5 in Armour
 16660 | D:14     | Killed a vault guard
 16660 | D:14     | Reached skill level 10 in Conjurations
 16667 | D:14     | Noticed a vault guard
 16740 | D:14     | HP: 3/68 [vault guard/+0 halberd (10)]
 16833 | D:15     | HP: 2/68 [gargoyle/stone arrow (18)]
 17314 | D:14     | Killed a vault guard
 18354 | D:13     | Reached skill level 10 in Fire Magic
 18979 | D:13     | Reached skill level 17 in Spellcasting
 19185 | D:13     | Found an iron altar of Okawaru.
 19435 | D:13     | Reached ***** piety under Vehumet
 19507 | D:13     | Offered knowledge of Lightning Bolt by Vehumet.
 19690 | D:13     | Noticed a tengu warrior
 19699 | D:13     | Killed a tengu warrior
 19699 | D:13     | Reached skill level 1 in Shields
 20001 | D:14     | Killed a vault guard
 20001 | D:14     | Reached XP level 13. HP: 72/72 MP: 19/36
 20065 | D:14     | Found an opulent altar of Gozag.
 20972 | D:15     | Noticed an ettin
 20984 | D:15     | Slain by an ettin

Illustrated notes

Levels and vault maps discovered:
D:1:      nicolae_arrival_washed_ashore, layout_basic
D:2:      layout_loops_ring
D:3:      layout_basic, eat_drink_and_be_merry_uskayaw
D:4:      layout_loops_ring, first_ration
D:5:      lemuel_castle_with_subvaults [lemuel_castle_interior_original],
          layout_basic, hellmonk_ghost_happy_afterlife, lemuel_statue_altar,
          uniq_blork_the_orc, uniq_grinder
D:6:      layout_loops_corners, serial_shops, nicolae_shop_trees
D:7:      layout_basic, minmay_temple_entry_crystal_x
D:8:      layout_loops_corners, uniq_prince_ribbit1
D:9:      layout_loops_cross
D:10:     layout_small_grid, hangedman_little_slice_of_home, minivault_19
D:11:     layout_loops_ring, erik_lair_orcish_takeover, david_orc_4,
          serial_shops, kennysheep_mini_moat, minmay_fractal_squares_gapless_7
D:12:     layout_roguey
D:13:     layout_irregular_city, basic_altar, minivault_27
D:14:     layout_loops_corners, erik_vaults_2, basic_altar, kennysheep_donut
D:15:     hangedman_depths_entry_civil_slaughter, layout_loops_ring
Temple:   minmay_crystal_snake_temple

Skill      XL: |  1  2  3  4  5  6  7  8  9 10 11 12 13 |
---------------+----------------------------------------+-----
Spellcasting   | 5 6 7 8 10 12 14 15 17 | 17.9
Fighting       | 1 2 3 4 5 |  5.0
Armour         | 1 2 3 4 6 |  6.0
Conjurations   | 2 3 4 5 7 8 9 10 11 | 11.2
Poison Magic   | 1 |  1.1
Dodging        | 3 |  3.0
Stealth        | 3 |  3.1
Air Magic      | 1 |  1.2
Evocations     | 1 |  1.0
Fire Magic     | 1 3 4 6 7 9 10 | 10.9
Earth Magic    | 1 |  1.2
Shields        | 1 2 |  2.3
Summonings     | |  1.1
Translocations | |  1.1

Action                   |  1- 3 |  4- 6 |  7- 9 | 10-12 | 13-15 || total
-------------------------+-------+-------+-------+-------+-------++-------
Melee: Unarmed           |       |     1 |       |       |       ||     1
       Staff             |       |     1 |       |       |       ||     1
       War axe           |       |     2 |    12 |       |       ||    14
       Bardiche          |       |     2 |       |       |       ||     2
       Spear             |       |       |   107 |   288 |    13 ||   408
 Cast: Magic Dart        |    70 |   177 |   327 |    55 |       ||   629
       Call Imp          |       |     2 |     4 |     6 |       ||    12
       Mephitic Cloud    |       |     6 |    29 |    51 |     1 ||    87
       Conjure Flame     |       |     1 |    19 |    64 |     4 ||    88
       Shock             |       |       |       |   117 |    11 ||   128
       Blink             |       |       |       |     1 |       ||     1
       Bolt of Magma     |       |       |       |    91 |    40 ||   131
  Use: Scroll            |       |       |       |    11 |       ||    11
 Stab: Confused          |       |       |    14 |    23 |     1 ||    38
       Sleeping          |       |       |       |     1 |       ||     1
  Eat: Chunk             |     1 |    12 |    17 |    18 |     3 ||    51
       Ration            |       |       |     1 |     2 |       ||     3
Armor: Robe              |     5 |       |       |       |       ||     5
       Leather armour    |     1 |    12 |    28 |    77 |     5 ||   123
Dodge: Dodged            |    10 |    27 |    80 |   111 |     9 ||   237
Block: Other             |       |       |    41 |    43 |       ||    84
       Reflection        |       |       |     4 |     3 |       ||     7
